 Dungeon Crawl Stone Soup version 0.23.1 (webtiles) character file.

Game seed: 2542873136338284976

8529 Kairos the Covert (level 11, -1/56 HPs)
             Began as a Vine Stalker Enchanter on Mar 10, 2019.
             Was a High Priest of Uskayaw.
             Slain by a wolf (6 damage)
             ... on level 1 of the Lair of Beasts.
             The game lasted 00:21:03 (8523 turns).

Kairos the Covert (Vine Stalker Enchanter)          Turns: 8523, Time: 00:21:04

Health: -1/56      AC:  9    Str:  9 (10) XL:     11   Next: 32%
Magic:  0/25       EV: 16    Int: 19 (20) God:    Uskayaw [*****.]
Gold:   427        SH:  0    Dex: 18 (19) Spells: 6/16 levels left

rFire    . . .     SeeInvis .   e - +3 short sword (drain)
rCold    . . .     Gourm    .   (no shield)
rNeg     + . .     Faith    .   v - +1 robe {rN+}
rPois    .         Spirit   +   M - +2 hat
rElec    +         Reflect  .   l - +1 cloak
rCorr    .         Harm     .   k - +0 pair of gloves
MR       +....                  h - +0 pair of boots
Stlth    ++++++....             C - amulet of rage
HPRegen  0.58/turn              j - ring of stealth
MPRegen  0.19/turn              y - ring "Xypp" {rElec MP+9 Int+5}

@: lethally poisoned (-1 -> -2), very slightly contaminated
A: fangs 3, regeneration 1, magic shield, antimagic bite, no potion heal 3, rot
immunity
a: Stomp, Line Pass, Grand Finale, Renounce Religion, Evoke Berserk Rage


You were on level 1 of the Lair of Beasts.
You worshipped Uskayaw.
Uskayaw was noncommittal.
You were not hungry.

You visited 3 branches of the dungeon, and saw 11 of its levels.
You also visited: Ossuary.

You collected 872 gold pieces.
You spent 445 gold pieces at shops.

Inventory:

Hand Weapons
 a - a +1 dagger
 c - a +2 flail of protection
 e - a +3 short sword of draining (weapon)
 J - a +0 dagger of speed
 K - a +1 dagger of venom
Missiles
 f - a throwing net (quivered)
Armour
 h - a +0 pair of boots (worn)
 k - a +0 pair of gloves (worn)
 l - a +1 cloak (worn)
 u - a +4 ring mail of fire resistance
 v - a +1 robe of positive energy (worn)
 L - the +1 chain mail of Summertime {+Inv rN+}
   (You bought it in a shop on level 7 of the Dungeon)

   It protects you from negative energy.
   It lets you turn invisible.
 M - a +2 hat (worn)
Jewellery
 j - a ring of stealth (left hand)
 y - the ring "Xypp" (right hand) {rElec MP+9 Int+5}
   (You found it on level 5 of the Dungeon)

   [ring of intelligence]

   It affects your intelligence (+5).
   It insulates you from electricity.
   It affects your magic capacity (+9).
 C - an amulet of rage (around neck)
 I - an uncursed ring of see invisible
Wands
 o - a wand of disintegration (10)
 N - a wand of polymorph (21)
Scrolls
 b - 4 scrolls of identify
 m - 2 scrolls of magic mapping
 t - 2 scrolls of immolation
 w - a scroll of blinking
 x - a scroll of fog
 B - 5 scrolls of amnesia {unknown}
 D - 3 scrolls of teleportation
 E - a scroll of enchant armour {unknown}
 F - a scroll of noise {unknown}
 H - 2 scrolls of remove curse
Potions
 g - 2 potions of curing
 n - 2 potions of agility
 p - 2 potions of brilliance
 q - a potion of flight {unknown}
 s - a potion of invisibility
 z - a potion of mutation {unknown}
 A - a potion of lignification {unknown}
 G - 2 potions of haste
Comestibles
 d - 10 rations


   Skills:
 + Level 5.4 Fighting
 + Level 9.3 Short Blades
 + Level 1.8 Armour
 + Level 5.2 Dodging
 * Level 12.4 Stealth
 + Level 3.1 Spellcasting
 + Level 3.6 Hexes
 * Level 4.1 Invocations


You had 6 spell levels left.
You knew the following spells:

 Your Spells              Type           Power        Failure   Level  Hunger
a - Corona                Hex            ###....      3%          1    None
b - Confuse               Hex            ###.....     11%         3    ###....
c - Regeneration          Chrm/Necr      #.........   41%         3    ###....
d - Mephitic Cloud        Conj/Pois/Air  #.......     41%         3    ###....

Your spell library contained the following spells:

 Spells                   Type           Power        Failure   Level  Hunger
 Ensorcelled Hibernation  Hex/Ice        #.....       11%         2    ##.....
 Tukima's Dance           Hex            ###.....     11%         3    ###....
 Animate Skeleton         Necr           N/A          16%         1    None
 Pain                     Necr           #...         16%         1    None
 Sting                    Conj/Pois      #...         16%         1    None
 Poisonous Vapours        Pois/Air       #.....       22%         2    ##.....
 Dazzling Spray           Conj/Hex       #.....       22%         3    ###....
 Vampiric Draining        Necr           #.........   41%         3    ###....
 Animate Dead             Necr           N/A          83%         4    ####...
 Olgreb's Toxic Radiance  Pois           #.......     83%         4    ####...
 Venom Bolt               Conj/Pois      #.........   99%         5    ######.


Dungeon Overview and Level Annotations

Branches:
Dungeon (9/15)             Temple (1/1) D:7            Lair (1/6) D:9
    Orc: D:9-12

Altars:
Ashenzari
Cheibriados
Dithmenos
Elyvilon
Fedhas
Gozag
Hepliaklqana
Kikubaaqudgha
Makhleb
Okawaru
Qazlal
Ru
Trog
Uskayaw
Vehumet
Wu Jian
Xom
Yredelemnul
Zin
The Shining One

Shops:
D:7 [   D:8 *

Annotations:
D:9 5 runed translucent doors


Innate Abilities, Weirdness & Mutations

You have razor-sharp teeth.
Your natural rate of healing is unusually fast.
When hurt, damage is shared between your health and your magic reserves.
Your bite disrupts and absorbs the magic of your enemies.
Potions cannot restore your health.
You are immune to rotting.


Message History

You are very lightly contaminated with residual magic.
As you read the scroll of blinking, it crumbles to dust.
You feel sick.
Casting: Confuse (safe; 11% risk of failure)
Confirm with . or Enter, or press ? or * to list all spells.
Aiming: Confuse (safe; 11% risk of failure)
Press: ? - help, Shift-Dir - straight line, f - spiny frog
Aim: a spiny frog (severely wounded, heavily drained, chance to defeat MR: 60%)
The spiny frog appears confused.
You feel sick.
You feel sick.
You feel sick.
You feel sick.
You feel sick.
Casting: Confuse (safe; 11% risk of failure)
Confirm with . or Enter, or press ? or * to list all spells.
Aiming: Confuse (safe; 11% risk of failure)
Press: ? - help, Shift-Dir - straight line, f - wolf
Aim: a wolf (almost dead, heavily drained, chance to defeat MR: 55%)
The wolf appears confused.
The wolf bites you.
You die...

..........# ..#.........#
###......>...P#. ###
................ ## #..#
................ ...##..##
.....#.......... ..
..#....##................ ...
#....................#..
####...###......@.............#..
#..#...........h.................
...............#.......#.......#
....:...(......................
#........r..................##
#............................
##.......##................#.
#........#....####...........
#..%.........## ##.##...#...


You could see a wolf (confused) and a porcupine.

Vanquished Creatures
  Pikel (D:9)
  2 spiny frogs (Lair:1)
  2 komodo dragons
  A troll (D:9)
  2 hippogriffs (D:9)
  A spriggan (D:8)
  A shadow (D:6)
  A steam dragon (D:8)
  4 vampire mosquitoes
  Duvessa (D:7)
  A porcupine (Lair:1)
  A water moccasin (Lair:1)
  4 black bears
  2 orc warriors
  A slave (D:9)
  2 ice beasts
  3 phantoms
  A sky beast (D:6)
  4 ogres
  3 centaurs
  4 wolves (Lair:1)
  A big kobold (D:8)
  A crocodile (Lair:1)
  6 bullfrogs
  A wyvern zombie (D:7)
  2 gnoll sergeants
  Dowan (D:7)
  3 scorpions
  12 killer bees
  2 electric eels (D:7)
  2 howler monkeys
  2 centaur zombies
  3 crimson imps
  3 hounds
  2 bullfrog skeletons
  A centaur skeleton (D:7)
  A gnoll shaman (D:4)
  2 jellies (D:8)
  4 orc priests
  Crazy Yiuf (D:2)
  10 orc wizards
  Terence (D:2)
  2 iguanas
  5 worker ants
  A big kobold zombie (Ossuary)
  A hound zombie (D:6)
  8 mummies (Ossuary)
  A worker ant zombie (D:8)
  12 gnolls
  15 adders
  2 shadow imps
  3 oozes
  An adder skeleton (D:6)
  2 adder zombies
  3 worms
  3 dart slugs
  6 leopard geckos
  27 orcs
  3 giant cockroaches
  5 goblins
  8 hobgoblins
  3 jackals (D:5)
  2 quokkas
  7 bats
  6 frilled lizards
  A hobgoblin zombie (Ossuary)
  10 kobolds
  2 kobold zombies (Ossuary)
  4 orc zombies (Ossuary)
  10 rats
256 creatures vanquished.

Vanquished Creatures (others)
  A quokka (D:5)
  4 plants (D:9)
5 creatures vanquished.

Grand Total: 261 creatures vanquished

Notes
Turn   | Place    | Note
-------+----------+-------------------------------------------
     0 | D:1      | Kairos the Vine Stalker Enchanter began the quest for the
                  | Orb.
     0 | D:1      | Reached XP level 1. HP: 9/9 MP: 4/4
   128 | D:1      | Reached XP level 2. HP: 2/13 MP: 3/6
   630 | D:1      | Reached skill level 4 in Stealth
   811 | D:1      | Reached XP level 3. HP: 16/16 MP: 7/7
   947 | D:2      | Reached skill level 1 in Short Blades
   953 | D:2      | Found a hazy altar of Hepliaklqana.
  1281 | D:2      | Gained mutation: Your natural rate of healing is unusually
                  | fast. [Vine Stalker growth]
  1281 | D:2      | Reached XP level 4. HP: 17/21 MP: 8/8
  1341 | D:2      | Noticed Terence
  1349 | D:2      | Killed Terence
  1767 | D:2      | Reached XP level 5. HP: 25/25 MP: 9/9
  1830 | D:2      | Found a runed translucent door.
  1831 | D:2      | Noticed Crazy Yiuf
  2114 | D:2      | Killed Crazy Yiuf
  2284 | D:3      | Reached skill level 1 in Armour
  2429 | D:3      | Reached skill level 1 in Fighting
  2847 | D:4      | Reached skill level 5 in Stealth
  2847 | D:4      | Reached XP level 6. HP: 27/30 MP: 8/10
  3544 | D:5      | Entered Level 5 of the Dungeon
  3544 | D:5      | Found a shimmering altar of Xom.
  3544 | D:5      | Noticed an ice beast
  3561 | D:5      | Noticed a phantom
  3563 | D:5      | Killed an ice beast
  3563 | D:5      | Reached XP level 7. HP: 34/34 MP: 11/11
  3595 | D:5      | Reached skill level 6 in Stealth
  3848 | D:5      | Reached skill level 5 in Short Blades
  3848 | D:5      | Gained mutation: You have razor-sharp teeth. [Vine Stalker
                  | growth]
  3848 | D:5      | Reached XP level 8. HP: 29/39 MP: 12/12
  3856 | D:5      | Got a scintillating turquoise ring
  3860 | D:5      | Identified the ring "Xypp" {rElec MP+9 Int+5} (You found it
                  | on level 5 of the Dungeon)
  3907 | D:5      | Reached skill level 7 in Stealth
  4092 | D:5      | Learned a level 3 spell: Confuse
  4357 | D:6      | Noticed a shadow
  4371 | D:6      | Killed a shadow
  4371 | D:6      | Reached skill level 8 in Stealth
  4379 | D:6      | Found a sand-covered staircase.
  4383 | Ossuary  | Entered an ossuary
  4691 | D:6      | Reached XP level 9. HP: 44/44 MP: 14/14
  4952 | D:6      | Found an ancient bone altar of Kikubaaqudgha.
  4982 | D:6      | Found a shadowy altar of Dithmenos.
  5299 | D:6      | Learned a level 3 spell: Regeneration
  5354 | D:7      | Noticed Dowan
  5355 | D:7      | Noticed Duvessa
  5379 | D:7      | Killed Duvessa
  5399 | D:7      | Killed Dowan
  5627 | D:7      | Found Mahel's Antique Armour Boutique.
  5653 | D:7      | Found a staircase to the Ecumenical Temple.
  5674 | Temple   | Entered the Ecumenical Temple
  5766 | Temple   | Became a worshipper of Uskayaw the Reveler
  5902 | D:7      | Reached skill level 9 in Stealth
  5907 | D:7      | Reached * piety under Uskayaw
  5908 | D:7      | Reached ** piety under Uskayaw
  5915 | D:7      | Reached *** piety under Uskayaw
  5921 | D:7      | Reached **** piety under Uskayaw
  5931 | D:7      | Reached ***** piety under Uskayaw
  6483 | D:8      | Reached XP level 10. HP: 51/51 MP: 15/15
  6541 | D:8      | Reached skill level 1 in Invocations
  6619 | D:8      | Found a sacrificial altar of Ru.
  6767 | D:8      | Reached skill level 10 in Stealth
  6874 | D:8      | Found Itrutoba's Assorted Antiques.
  7242 | D:7      | Bought an amber-encrusted chain mail for 256 gold pieces
  7252 | D:7      | Identified the +1 chain mail of Summertime {+Inv rN+} (You
                  | bought it in a shop on level 7 of the Dungeon)
  7262 | D:7      | Bought a glowing hat for 189 gold pieces
  7453 | D:9      | Reached skill level 11 in Stealth
  7686 | D:9      | Found a snail-covered altar of Cheibriados.
  7686 | D:9      | Found an ornate altar of the Wu Jian Council.
  7691 | D:9      | Noticed Pikel
  7709 | D:9      | Killed Pikel
  7709 | D:9      | Reached skill level 5 in Fighting
  7721 | D:9      | Learned a level 3 spell: Mephitic Cloud
  7800 | D:9      | Found a staircase to the Lair.
  7890 | D:9      | Reached skill level 5 in Dodging
  7891 | D:9      | Reached XP level 11. HP: 55/55 MP: 16/16
  7937 | D:9      | Found a runed translucent gate.
  7939 | D:9      | Found a runed translucent gate.
  7939 | D:9      | Found a runed translucent gate.
  7950 | D:9      | Found a runed translucent door.
  7958 | D:9      | Found the +9 staff of Olgreb {rPois}
  7964 | D:9      | Found a runed translucent door.
  8417 | Lair:1   | Entered Level 1 of the Lair of Beasts
  8435 | Lair:1   | Reached skill level 12 in Stealth
  8523 | Lair:1   | Slain by a wolf

Skill      XL: |  1  2  3  4  5  6  7  8  9 10 11 |
---------------+----------------------------------+-----
Stealth        | 4 5 6 8 9 11 12 | 12.4
Short Blades   | 2 3 4 5 6 8 9 |  9.3
Armour         | 1 |  1.8
Fighting       | 1 2 3 4 5 |  5.4
Dodging        | 2 3 4 5 |  5.2
Spellcasting   | 3 |  3.1
Invocations    | 3 4 |  4.1
Hexes          | |  3.6

Action                   |  1- 3 |  4- 6 |  7- 9 | 10-12 || total
-------------------------+-------+-------+-------+-------++-------
Melee: Dagger            |    18 |       |       |       ||    18
       Bite              |    12 |    31 |   111 |    71 ||   225
       Short sword       |    49 |   124 |   386 |   298 ||   857
 Cast: Confuse           |       |       |     4 |     2 ||     6
  Use: Potion            |     3 |       |     4 |     4 ||    11
       Scroll            |     1 |     2 |     9 |     1 ||    13
 Stab: Sleeping          |     6 |     9 |    16 |    11 ||    42
       Distracted        |       |     1 |     1 |     3 ||     5
       Confused          |       |       |     2 |       ||     2
       Paralysed         |       |       |     2 |    11 ||    13
       Invisible         |       |       |       |     5 ||     5
  Eat: Chunk             |     1 |     6 |    11 |     2 ||    20
       Ration            |       |       |       |     2 ||     2
Armor: Robe              |     9 |     4 |    66 |    78 ||   157
       Leather armour    |     7 |    23 |       |       ||    30
Dodge: Dodged            |    37 |    50 |   195 |   242 ||   524
